 Dungeon Crawl Stone Soup version 0.31.0-32-g396128a36d (webtiles) character file.

Game seed: 7186727285818398330

105 hawla the Firebug (level 4, -3/26 HPs)
             Began as a Deep Elf Fire Elementalist on Apr 7, 2024.
             Slain by a gnoll
             ... wielding a +0 halberd
              (11 damage)
             ... on level 3 of the Dungeon.
             The game lasted 00:05:38 (2164 turns).

hawla the Firebug (Deep Elf Fire Elementalist)      Turns: 2164, Time: 00:05:38

Health: -3/26      AC:  4    Str:  5    XL:     4   Next: 54%
Magic:  0/10       EV: 13    Int: 22    God:
Gold:   153        SH:  0    Dex: 15    Spells: 6/9 levels left

rFire   . . .        b - +1 dagger (speed)
rCold   . . .        (no shield)
rNeg    . . .        a - +0 robe
rPois   .            k - +0 helmet
rElec   .            (no cloak)
rCorr   .            (no gloves)
SInv    .            h - +0 pair of boots
Will    +....        (no amulet)
Stlth   ++           (no ring)
HPRegen 0.24/turn    (no ring)
MPRegen 0.12/turn

%: no passive effects
@: enlightened, flying
A: no striking features
a: no special abilities


You were on level 3 of the Dungeon.
You visited 1 branch of the dungeon, and saw 3 of its levels.

You collected 153 gold pieces.

Inventory:

Hand Weapons
 b - a +1 dagger of speed (weapon)
Armour
 a - a +0 robe (worn)
 h - a +0 pair of boots (worn)
 k - a +0 helmet (worn)
Scrolls
 e - 2 scrolls of teleportation
 g - a scroll of enchant armour {unknown}
 i - 2 scrolls of identify {unknown}
 j - a scroll of fear {unknown}
 l - a scroll of enchant weapon {unknown}
 m - a scroll of silence {unknown}


   Skills:
 - Level 1.8 Fighting
 - Level 3.9 Dodging
 - Level 2.4 Stealth
 - Level 3.0 Spellcasting
 - Level 1.1 Conjurations
 + Level 4.3 Fire Magic


You had 6 spell levels left.
You knew the following spells:

 Your Spells              Type           Power      Damage    Failure   Level
a - Foxfire               Conj/Fire      60%        2x1d7     4%          1
b - Scorch                Fire           44%        2d6       3%          2

Your spell library contained the following spells:

 Spells                   Type           Power      Damage    Failure   Level
 Magic Dart               Conj           32%        1d4       8%          1
 Momentum Strike          Conj/Tloc      10%        3d8       16%         2
 Inner Flame              Hex/Fire       12%        N/A       16%         3
 Volatile Blastmotes      Fire/Tloc      24%        2d12      16%         3
 Blink                    Tloc           6%         N/A       19%         2
 Call Imp                 Summ           6%         N/A       19%         2
 Lesser Beckoning         Tloc           6%         N/A       19%         2
 Flame Wave               Conj/Fire      15%        2d7       38%         4
 Irradiate                Conj/Alch      2%         3d12      95%         5
 Ignition                 Fire           11%        3d5       100%        8


Dungeon Overview and Level Annotations

Branches:
Dungeon (3/15)

Altars:
Wu Jian
Xom

Shops:
D:3 :


Message History

Confirm with . or Enter, or press ? or * to list all spells.
Flames lash the gnoll.
The gnoll is almost dead.
The gnoll's fire resistance burns away.
The gnoll hits you from afar with a +0 halberd.
The gnoll barely misses you.
Casting: Scorch (safe; 3% risk of failure)
Confirm with . or Enter, or press ? or * to list all spells.
Flames lash the gnoll.
The gnoll is moderately wounded.
The gnoll's fire resistance burns away.
The gnoll closely misses you. The gnoll barely misses you.
Casting: Scorch (safe; 3% risk of failure)
Confirm with . or Enter, or press ? or * to list all spells.
Flames lash the gnoll.
The gnoll is burned terribly!
The gnoll is heavily wounded.
The gnoll hits you from afar with a +0 halberd!
The gnoll hits you with a +0 whip.
Casting: Scorch (safe; 3% risk of failure)
Confirm with . or Enter, or press ? or * to list all spells.
Flames lash the gnoll.
The gnoll is burned terribly!
You kill the gnoll!
The gnoll hits you from afar with a +0 halberd.
The gnoll barely misses you.
Casting: Scorch (safe; 3% risk of failure)
Confirm with . or Enter, or press ? or * to list all spells.
Flames lash the gnoll.
The gnoll is burned terribly!
You kill the gnoll!
The gnoll hits you from afar with a +0 halberd.
* * * LOW HITPOINT WARNING * * *
Unknown command.
It was a potion of curing.
You feel better.
The gnoll hits you from afar with a +0 halberd.
It was a potion of cancellation.
You feel magically purged.
The gnoll hits you from afar with a +0 halberd.
It was a potion of enlightenment.
You feel very buoyant.
You fly up into the air.
The gnoll hits you from afar with a +0 halberd!
You die...

###.# #.# ### #.#
..# #.# #.# #.#
#)# #.# #g# #.#
#)# #.###### #@#
#....... #.#
######## #.# # #.#
# #.# #
#.################
#.................
##################
#......[....


You could see a gnoll.

Vanquished Creatures
  2 gnolls (D:3)
  4 adders
  2 dart slugs (D:3)
  A ribbon worm (D:3)
  2 orcs (D:3)
  3 endoplasms
  A goblin (D:1)
  4 hobgoblins
  4 jackals (D:2)
  3 ball pythons (D:1)
  5 bats
  2 frilled lizards
  5 kobolds
  6 rats
44 creatures vanquished.

Vanquished Creatures (others)
  85 foxfires
85 creatures vanquished.

Grand Total: 129 creatures vanquished

Notes
Turn   | Place    | Note
-------+----------+-------------------------------------------
     0 | D:1      | hawla the Deep Elf Fire Elementalist began the quest for
                  | the Orb.
     0 | D:1      | Reached XP level 1. HP: 10/10 MP: 6/6
   191 | D:1      | Reached XP level 2. HP: 10/16 MP: 0/8
   272 | D:1      | Reached skill level 1 in Fighting
   951 | D:2      | Reached XP level 3. HP: 20/20 MP: 5/9
  1568 | D:3      | Found Olarr's Book Emporium.
  1630 | D:3      | Found a shimmering altar of Xom.
  1739 | D:3      | Learned a level 2 spell: Scorch
  1813 | D:3      | Found an ornate altar of the Wu Jian Council.
  1988 | D:3      | Reached XP level 4. HP: 26/26 MP: 10/10
  2017 | D:3      | Reached skill level 4 in Fire Magic
  2164 | D:3      | Slain by a gnoll

Illustrated notes

Levels and vault maps discovered:
D:1:      dpeg_arrival_shrine, layout_rooms, serial_aquarium,
          aquarium_bridge_straight [aquarium_subvault_bridge,
          aquarium_subvault_balcony, aquarium_subvault_bridge,
          aquarium_subvault_balcony], aquarium_bridge_square
          [aquarium_subvault_bridge, aquarium_subvault_wall,
          aquarium_subvault_bridge, aquarium_subvault_window],
          aquarium_window_fake, aquarium_window_fake, aquarium_view_4,
          aquarium_view_2a
D:2:      layout_basic
D:3:      layout_loops_ring, led_xom_imps, nzn_wu_jian_council_hall,
          serial_shops, nicolae_book_shop_shelving, st_stairs_7

Skill      XL: |  1  2  3  4 |
---------------+-------------+-----
Dodging        | 3 |  3.9
Fighting       | 1 |  1.8
Fire Magic     | 4 |  4.3
Stealth        | |  2.4
Spellcasting   | |  3.0
Conjurations   | |  1.1

Action                     |  1- 3 |  4- 6 || total
---------------------------+-------+-------++-------
  Melee: Unarmed           |     2 |       ||     2
         Dagger            |    42 |     1 ||    43
   Cast: Foxfire           |    51 |       ||    51
         Scorch            |       |     7 ||     7
    Use: Scroll            |     2 |       ||     2
         Potion            |     1 |     3 ||     4
   Stab: Sleeping          |     2 |       ||     2
 Armour: Robe              |    19 |     9 ||    28
  Dodge: Dodged            |    37 |     5 ||    42
